 Dungeon Crawl Stone Soup version 0.24.1-4-ge52af88ad5 (webtiles) character file.

Game seed: 8083795548872393615, levelgen mode: deterministic

6085 Descartes the Thaumaturge (level 10, -1/50 HPs)
             Began as a Deep Elf Air Elementalist on Apr 13, 2020.
             Was a Priest of Dithmenos.
             Slain by a porcupine (8 damage)
             ... on level 9 of the Dungeon.
             The game lasted 00:34:32 (12984 turns).

Descartes the Thaumaturge (DEAE)                   Turns: 12984, Time: 00:34:32

Health: -1/50      AC:  8    Str:  5    XL:     10   Next: 58%
Magic:  10/25      EV: 17    Int: 26    God:    Dithmenos [***...]
Gold:   461        SH:  0    Dex: 17    Spells: 14/27 levels left

rFire    . . .     SeeInvis .   S - +5 spear of Symmetry {holy, Dex+2}
rCold    + . .     Gourm    .   (no shield)
rNeg     . . .     Faith    .   E - +1 leather armour {rC+}
rPois    .         Spirit   .   t - +2 hat
rElec    .         Reflect  .   B - +0 cloak
rCorr    .         Harm     .   s - +0 pair of gloves
MR       ++...                  (no boots)
Stlth    +++++.....             (no amulet)
HPRegen  0.16/turn              q - ring of protection from magic
MPRegen  0.19/turn              (no ring)

@: wreathed by umbra
A: horns 1, clever 1, mutation resistance 1
a: Shadow Step, Renounce Religion


You were on level 9 of the Dungeon.
You worshipped Dithmenos.
Dithmenos was most pleased with you.
You were hungry.

You visited 2 branches of the dungeon, and saw 11 of its levels.

You collected 485 gold pieces.
You spent 24 gold pieces at shops.

Inventory:

Hand Weapons
 v - a +0 falchion
 C - a +2 dagger of holy wrath
 F - a +4 dagger
 G - a +2 antimagic lajatang
 J - the +0 quarterstaff "Weh Put" {pain, Str+3}
   (You found it on level 7 of the Dungeon)

   In the hands of one skilled in necromantic magic, it inflicts extra damage on
   living creatures.
   It affects your strength (+3).
 S - the +5 spear of Symmetry (weapon) {holy, Dex+2}
   (You found it on level 9 of the Dungeon)

   It has been blessed by the Shining One to cause great damage to the undead
   and demons.
   It affects your dexterity (+2).
Missiles
 e - 297 stones
 i - 39 bolts
 m - 43 poisoned darts (quivered)
 o - 12 boomerangs
 r - 152 arrows
 U - 22 sling bullets
 V - 8 silver javelins
Armour
 a - a +0 robe
 s - a +0 pair of gloves (worn)
 t - a +2 hat (worn)
 u - a +0 shield
 B - a +0 cloak (worn)
 E - a +1 leather armour of cold resistance (worn)
Magical Staves
 y - an uncursed staff of earth
Jewellery
 q - a ring of protection from magic (left hand)
Wands
 w - a wand of flame (11)
 I - a wand of scattershot (6)
 L - a wand of iceblast (9)
 P - a wand of polymorph (12)
Scrolls
 d - a scroll of random uselessness {unknown}
 g - 4 scrolls of fear
 j - a scroll of blinking {unknown}
 k - 3 scrolls of enchant weapon {unknown}
 p - 2 scrolls of teleportation
 z - 2 scrolls of amnesia {unknown}
 A - 2 scrolls of magic mapping
 D - a scroll of vulnerability {unknown}
 K - a scroll of noise {unknown}
 N - a scroll of enchant armour {unknown}
 O - 2 scrolls of fog
 T - a scroll of identify
Potions
 b - 3 potions of cancellation
 f - 2 potions of flight
 h - 2 potions of might
 l - 4 potions of ambrosia
 n - 3 potions of curing
 x - a potion of magic
 H - a potion of haste {unknown}
 M - a potion of berserk rage {unknown}
 Q - 2 potions of heal wounds
 R - a potion of brilliance {unknown}
Comestibles
 c - 10 rations


   Skills:
 + Level 4.2 Armour
 + Level 8.5 Dodging
 + Level 7.6 Stealth
 + Level 9.3 Spellcasting
 + Level 7.4 Conjurations
 + Level 3.8 Translocations
 + Level 7.5 Air Magic


You had 14 spell levels left.
You knew the following spells:

 Your Spells              Type           Power        Failure   Level  Hunger
a - Shock                 Conj/Air       ####         1%          1    None
b - Airstrike             Air            ######....   3%          4    #......
c - Static Discharge      Conj/Air       ######..     1%          3    None
d - Blink                 Tloc           N/A          2%          2    None
e - Mephitic Cloud        Conj/Pois/Air  #####...     3%          3    None

Your spell library contained the following spells:

 Spells                   Type           Power        Failure   Level  Hunger
 Apportation              Tloc           ####..       1%          1    None
 Magic Dart               Conj           ####         1%          1    None
 Swiftness                Chrm/Air       ####....     2%          2    None
 Conjure Flame            Conj/Fire      ####....     4%          3    None
 Animate Skeleton         Necr           N/A          8%          1    None
 Confusing Touch          Hex            ##....       8%          1    None
 Summon Small Mammal      Summ           ##..         8%          1    None
 Lightning Bolt           Conj/Air       ######....   10%         5    ####...
 Call Imp                 Summ           ##......     12%         2    None
 Slow                     Hex            ##......     12%         2    None


Dungeon Overview and Level Annotations

Branches:
Dungeon (10/15)            Temple (1/1) D:5
   Lair: D:8-11         Orc: D:9-12

Altars:
Ashenzari
Cheibriados
Dithmenos
Elyvilon
Fedhas
Gozag
Hepliaklqana
Kikubaaqudgha
Makhleb
Nemelex Xobeh
Okawaru
Qazlal
Ru
Sif Muna
Trog
Uskayaw
Vehumet
Wu Jian
Xom
Yredelemnul
Zin
The Shining One

Shops:
D:5 (   D:8 :?


Innate Abilities, Weirdness & Mutations

You have a pair of small horns on your head.
Your mind is acute. (Int +2)
You are somewhat resistant to further mutation.


Message History

Beogh smites you! The orc closely misses you.
The orc priest invokes the aid of Beogh against you.
Beogh smites you!
* * * LOW HITPOINT WARNING * * *
The porcupine barely misses you.
There is a stone staircase leading up here.
The porcupine closely misses you. The orc barely misses you.
You climb upwards.
There is a stone staircase leading down here.
The porcupine closely misses you. The porcupine misses you.
The porcupine misses you. The porcupine misses you. The porcupine misses you.
The porcupine misses you. The porcupine misses you. The porcupine bites you.
* * * LOW HITPOINT WARNING * * *
The porcupine bites you!
You die...

#.............[...
#.###......##...## #.#
#......##...## #.#
#...........#. #.#
#......_....#. ###.#
#......8....#. #...#
#####.._....#.
####.#########.....###.
#.....@r...............
#######################


You could see a porcupine.

Vanquished Creatures
  Erolcha (D:9)
  A hippogriff (D:9)
  5 yaks (D:10)
  A wyvern (D:10)
  2 basilisks (D:10)
  A hungry ghost (D:9)
  An acid dragon (D:9)
  2 porcupines (D:10)
  2 ogres
  5 orc warriors
  A sky beast (D:7)
  2 ice beasts
  A black bear (D:3)
  A phantom (D:10)
  4 centaurs
  3 big kobolds
  7 bullfrogs
  A scorpion (D:6)
  6 wights
  An electric eel (D:10)
  A howler monkey (D:5)
  8 crimson imps
  5 hounds
  4 orc priests
  2 jellies
  A bullfrog skeleton (D:6)
  5 orc wizards
  Jessica (D:2)
  4 worker ants
  A killer bee zombie (D:10)
  A hound skeleton (D:9)
  A howler monkey zombie (D:9)
  A worker ant zombie (D:5)
  A howler monkey skeleton (D:4)
  10 adders
  2 shadow imps
  5 worms
  2 dart slugs
  6 leopard geckos
  31 orcs
  3 giant cockroaches
  9 goblins
  8 hobgoblins
  13 jackals
  19 kobolds
  4 ball pythons
  5 bats
  4 frilled lizards
  2 leopard gecko zombies
  2 rats
209 creatures vanquished.

Vanquished Creatures (others)
  4 fungi (D:10)
  9 plants (D:10)
13 creatures vanquished.

Grand Total: 222 creatures vanquished

Notes
Turn   | Place    | Note
-------+----------+-------------------------------------------
     0 | D:1      | Descartes the Deep Elf Air Elementalist began the quest for
                  | the Orb.
     0 | D:1      | Reached XP level 1. HP: 10/10 MP: 6/6
   226 | D:1      | Reached XP level 2. HP: 15/15 MP: 2/8
  1423 | D:2      | Reached XP level 3. HP: 7/19 MP: 1/9
  1618 | D:2      | Noticed Jessica
  1623 | D:2      | Killed Jessica
  1785 | D:2      | Reached XP level 4. HP: 24/24 MP: 8/11
  1819 | D:2      | Learned a level 4 spell: Airstrike
  1823 | D:2      | Learned a level 3 spell: Static Discharge
  1841 | D:2      | Reached skill level 4 in Spellcasting
  2022 | D:2      | Reached XP level 5. HP: 28/28 MP: 0/13
  2482 | D:2      | Gained mutation: You are weak. (Str -2) [potion of
                  | mutation]
  2482 | D:2      | Gained mutation: Your spells are a little easier to cast,
                  | but a little less powerful. [potion of mutation]
  2482 | D:2      | Gained mutation: You are somewhat resistant to further
                  | mutation. [potion of mutation]
  2482 | D:2      | Gained mutation: You are agile. (Dex +2) [potion of
                  | mutation]
  2862 | D:3      | Noticed a black bear
  2871 | D:3      | Killed a black bear
  3146 | D:3      | Reached XP level 6. HP: 32/32 MP: 9/15
  3812 | D:3      | Reached skill level 5 in Spellcasting
  4961 | D:5      | Entered Level 5 of the Dungeon
  5216 | D:5      | Reached skill level 5 in Dodging
  5216 | D:5      | Reached XP level 7. HP: 36/36 MP: 0/17
  5371 | D:5      | Found a shattered altar of Ashenzari.
  5371 | D:5      | Found a glowing golden altar of the Shining One.
  5373 | D:5      | Found an opulent altar of Gozag.
  5373 | D:5      | Found a hide-covered altar of Uskayaw.
  5376 | D:5      | Found a blossoming altar of Fedhas.
  5382 | D:5      | Found Qoskej's Antique Weapon Boutique.
  5451 | D:5      | Found a staircase to the Ecumenical Temple.
  5474 | Temple   | Entered the Ecumenical Temple
  5590 | Temple   | Became a worshipper of Dithmenos the Shadowed
  5660 | D:5      | Reached skill level 5 in Air Magic
  5768 | D:5      | Reached skill level 6 in Spellcasting
  6752 | D:6      | Reached * piety under Dithmenos
  6908 | D:6      | Reached skill level 5 in Conjurations
  6908 | D:6      | Reached XP level 8. HP: 41/41 MP: 6/19
  7067 | D:6      | Reached skill level 1 in Armour
  7807 | D:7      | Reached skill level 7 in Spellcasting
  8270 | D:7      | Got an ancient quarterstaff
  8271 | D:7      | Identified the cursed +0 quarterstaff "Weh Put" {pain,
                  | Str+3} (You found it on level 7 of the Dungeon)
  8991 | D:8      | Reached XP level 9. HP: 45/45 MP: 15/22
  9309 | D:8      | Reached skill level 5 in Stealth
  9385 | D:8      | Reached ** piety under Dithmenos
  9578 | D:8      | Found Pyesaschi's Book Shop.
  9601 | D:8      | Learned a level 2 spell: Blink
  9605 | D:8      | Learned a level 3 spell: Mephitic Cloud
  9942 | D:8      | Found Lefifaph's Magic Scroll Emporium.
  9956 | D:8      | Bought a scroll of fog for 24 gold pieces
 10040 | D:8      | Reached skill level 8 in Spellcasting
 10307 | D:9      | Reached skill level 1 in Translocations
 11014 | D:8      | Lost mutation: You are agile. (Dex +2) [potion of mutation]
 11014 | D:8      | Lost mutation: You are weak. (Str -2) [potion of mutation]
 11014 | D:8      | Gained mutation: You have a pair of small horns on your
                  | head. [potion of mutation]
 11014 | D:8      | Gained mutation: You are agile. (Dex +2) [potion of
                  | mutation]
 11015 | D:8      | Lost mutation: Your spells are a little easier to cast, but
                  | a little less powerful. [potion of mutation]
 11015 | D:8      | Lost mutation: You are agile. (Dex +2) [potion of mutation]
 11015 | D:8      | Gained mutation: Your mind is acute. (Int +2) [potion of
                  | mutation]
 11379 | D:9      | Found a shattered altar of Ashenzari.
 11388 | D:9      | Noticed Erolcha
 11395 | D:9      | Killed Erolcha
 11395 | D:9      | Reached XP level 10. HP: 50/50 MP: 19/24
 11407 | D:9      | Found a radiant altar of Vehumet.
 11450 | D:9      | Found a sacrificial altar of Ru.
 11549 | D:9      | Got an ivory spear
 11550 | D:9      | Identified the +5 spear of Symmetry {holy, Dex+2} (You
                  | found it on level 9 of the Dungeon)
 11715 | D:10     | Entered Level 10 of the Dungeon
 11765 | D:10     | Noticed a two-headed ogre
 12059 | D:10     | Reached skill level 9 in Spellcasting
 12228 | D:10     | Reached *** piety under Dithmenos
 12984 | D:9      | Slain by a porcupine

Levels and vault maps discovered:
D:1:      dpeg_arrival_short_road, layout_loops_corners
D:2:      cheibrodos_pilgrimage, layout_loops_ring, uniq_jessica
D:3:      layout_basic, first_ration
D:4:      layout_loops_cross
D:5:      layout_rooms, grunt_temple_overflow_open,
          minmay_temple_entry_stoned_glass, serial_shops,
          nicolae_shop_competitors_out_of_business
D:6:      layout_cave_pools
D:7:      cheibrodos_quashed, layout_loops_ring
D:8:      layout_loops_ring, serial_shops, shop, shop, grunt_pizzeria
D:9:      layout_basic, chequers_temple_overflow_statue_of_worship,
          nicolae_ashenzari_panopticon, uniq_erolcha
D:10:     layout_irregular_city, minmay_lair_entry_grove,
          kennysheep_generic_room_2
Temple:   regret_index_temple_waves

Skill      XL: |  1  2  3  4  5  6  7  8  9 10 |
---------------+-------------------------------+-----
Dodging        | 3 4 5 6 8 |  8.5
Conjurations   | 2 3 4 5 6 7 |  7.4
Spellcasting   | 4 5 6 7 8 9 |  9.3
Air Magic      | 4 5 6 7 |  7.5
Stealth        | 3 4 6 7 |  7.6
Armour         | 3 4 |  4.2
Translocations | 2 3 |  3.8

Action                   |  1- 3 |  4- 6 |  7- 9 | 10-12 || total
-------------------------+-------+-------+-------+-------++-------
Melee: Short sword       |     4 |     1 |       |       ||     5
       Falchion          |       |     1 |     2 |       ||     3
       Quarterstaff      |       |       |    29 |       ||    29
       Spear             |       |       |       |    15 ||    15
 Cast: Shock             |    69 |   160 |   270 |    92 ||   591
       Airstrike         |       |    11 |    43 |    24 ||    78
       Static Discharge  |       |       |       |     1 ||     1
  Use: Scroll            |       |     6 |     7 |     1 ||    14
       Potion            |       |     1 |     7 |     1 ||     9
 Stab: Sleeping          |       |     1 |       |       ||     1
  Eat: Chunk             |     2 |    12 |    12 |     1 ||    27
       Ration            |       |       |     3 |     1 ||     4
Armor: Robe              |       |     4 |     9 |       ||    13
       Leather armour    |       |       |    21 |    14 ||    35
Dodge: Dodged            |    10 |    32 |    94 |    77 ||   213
       Rpst.: Falchion   |       |     6 |    11 |       ||    17
